Map: Ascensão para Aiur LE

Players

TheZergLord - Winner!

  • Race: Zerg Zerg
  • League: Grandmaster
  • Spawn Location: 5:00

DakkoN

  • Race: Zerg Zerg
  • League: Grandmaster
  • Spawn Location: 11:00

VOD

Have the link to the VOD?

Description

Time

  • Played on: Nov. 3, 2017, 12:29 a.m.
  • Length: 10:56
Show
View Real Time Build Order
Export as new Build Order

TheZergLord Zerg - Winner!

Build Orders: Hatch First 

Get SALT Encoding   

  12  0:00  Drone  
  13  0:13  Overlord  
  13  0:17  Drone  
  14  0:32  Drone x2  
  17  0:35  Drone  
  17  0:52  Hatchery  
  17  0:54  Drone  
  17  0:57  Drone  
  18  1:08  Extractor  
  17  1:12  Spawning Pool  
  17  1:15  Drone  
  17  1:19  Drone  
  18  1:32  Drone  
  19  1:40  Overlord  
  19  1:59  Queen  
  19  2:01  Zergling x4  
  23  2:03  Queen  
  23  2:04  Zergling x2  
  26  2:08  Metabolic Boost  
  26  2:11  Drone  
  26  2:15  Drone  
  28  2:24  Drone  
  28  2:28  Baneling Nest  
  28  2:29  Drone  
  29  2:33  Drone  
  29  2:36  Drone  
  31  2:49  Hatchery  
  30  2:55  Drone  
  30  2:56  Drone  
  32  3:02  Overlord  
  32  3:03  Drone  
  33  3:07  Drone x2  
  33  3:10  Drone  
  36  3:19  Queen  
  36  3:22  Baneling x2  
  36  3:25  Overlord  
  38  3:30  Zergling x6  
  40  3:35  Drone x2  
  40  3:41  Drone  
  43  3:44  Drone x3  
  43  3:45  Drone  
  47  3:51  Roach Warren  
  46  3:58  Overlord  
  46  4:01  Zergling x6  
  46  4:02  Zergling x2  
  50  4:05  Baneling x3  
  50  4:12  Overlord  
  50  4:14  Extractor  
  50  4:15  Drone x2  
  50  4:16  Drone  
  52  4:17  Zergling x2  
  53  4:33  Roach x4  
  53  4:34  Overlord  
  53  4:37  Drone x3  
  53  4:38  Drone  
  65  4:41  Extractor  
  64  4:45  Evolution Chamber  
  64  4:50  Drone x3  
  64  4:51  Drone x3  
  69  5:10  Drone  
  69  5:11  Overlord  
  69  5:15  Lair  
  69  5:16  Drone, Zerg Missile Weapons Level 1  
  69  5:17  Drone  
  69  5:19  Overlord  
  69  5:20  Drone x3  
  74  5:25  Overlord x2  
  74  5:28  Drone x5  
  79  5:33  Drone  
  80  5:39  Overlord  
  80  5:40  Drone x5  
  80  5:41  Drone  
  86  5:50  Overlord x2  
  86  5:58  Drone x2  
  86  6:00  Extractor x2  
  86  6:01  Drone  
  87  6:09  Hatchery  
  86  6:16  Glial Reconstitution  
  85  6:27  Drone  
  85  6:30  Roach x4  
  85  6:31  Roach x5  
  85  6:32  Overlord x3  
  104  6:42  Spore Crawler  
  104  6:47  Overlord  
  104  6:48  Overlord  
  104  6:49  Roach x7  
  104  6:50  Roach  
  104  6:51  Ravager x3  
  104  6:52  Ravager  
  104  6:53  Roach  
  104  6:54  Roach  
  128  7:08  Roach x5  
  137  7:13  Zerg Missile Weapons Level 2  
  137  7:14  Roach  
  137  7:15  Roach x2  
  143  7:27  Queen  
  145  7:34  Overlord x4  
  145  7:35  Roach  
  145  7:36  Roach x6  
  156  7:38  Extractor  
  153  7:47  Overseer  
  153  7:49  Roach x3  
  153  7:50  Roach x4  
  167  7:53  Roach  
  167  7:54  Roach x6  
  167  7:55  Roach  
  183  8:17  Overlord x3  
  183  8:25  Drone, Hydralisk Den  
  181  8:43  Roach  
  181  8:44  Roach x11  
  169  9:08  Roach x10  
  180  9:16  Roach x2  
  180  9:18  Muscular Augments  
  180  9:25  Hydralisk x2  
  180  9:26  Hydralisk x2  
  180  9:30  Hydralisk x2  
  192  9:35  Pneumatized Carapace  
  192  9:40  Hydralisk x3  
  195  9:57  Spore Crawler  
  188  10:00  Spore Crawler  
  188  10:03  Hydralisk x5  
  188  10:04  Hydralisk  
  188  10:05  Hydralisk  
  199  10:07  Spore Crawler  
  199  10:08  Drone  
  199  10:09  Drone, Spore Crawler  
  199  10:31  Overlord x3  
  199  10:36  Hatchery  
Show
View Real Time Build Order
Export as new Build Order

DakkoN Zerg 

Build Orders: Hatch First 

Get SALT Encoding   

  12  0:00  Drone  
  13  0:12  Overlord  
  13  0:21  Drone  
  14  0:30  Drone x2  
  16  0:36  Drone  
  17  0:52  Hatchery  
  17  0:55  Drone  
  17  0:58  Drone  
  18  1:07  Extractor  
  17  1:14  Spawning Pool  
  17  1:17  Drone  
  17  1:20  Drone  
  18  1:28  Drone  
  19  1:38  Overlord  
  19  2:01  Queen, Zergling x2  
  21  2:02  Zergling x2  
  21  2:03  Queen  
  21  2:04  Zergling x2  
  21  2:06  Metabolic Boost  
  26  2:12  Drone  
  26  2:14  Drone  
  28  2:22  Drone  
  29  2:25  Drone  
  30  2:38  Drone x2  
  32  2:55  Drone  
  32  2:56  Drone  
  32  2:57  Hatchery  
  33  3:08  Drone x2  
  33  3:09  Drone  
  36  3:16  Overlord  
  36  3:17  Overlord  
  36  3:23  Roach Warren  
  35  3:34  Zergling x2  
  36  3:36  Zergling x6  
  36  3:37  Zergling x4  
  41  3:48  Drone  
  41  3:49  Drone x4  
  45  4:10  Drone  
  45  4:11  Drone x5  
  45  4:12  Extractor  
  45  4:13  Extractor  
  45  4:14  Lair  
  49  4:19  Queen, Evolution Chamber  
  49  4:23  Drone x4  
  54  4:25  Extractor  
  54  4:26  Overlord  
  54  4:28  Overlord  
  53  4:43  Roach  
  53  4:44  Roach  
  53  4:45  Overlord  
  57  4:48  Drone x2  
  57  4:49  Drone  
  57  4:51  Drone  
  61  4:53  Roach x4  
  61  4:57  Zerg Missile Weapons Level 1  
  67  5:07  Roach  
  67  5:08  Roach x3  
  75  5:19  Glial Reconstitution  
  75  5:23  Drone  
  75  5:25  Drone x6  
  82  5:31  Overlord  
  82  5:32  Overlord  
  82  5:53  Drone  
  82  5:55  Ravager x2  
  82  5:56  Ravager x2  
  87  5:57  Drone  
  87  5:58  Drone x9  
  97  6:05  Evolution Chamber  
  97  6:06  Evolution Chamber  
  97  6:08  Drone x2  
  97  6:15  Overlord  
  97  6:16  Overlord x2  
  97  6:28  Overlord  
  97  6:30  Overlord x3  
  97  6:37  Spine Crawler  
  96  6:43  Roach x8  
  112  6:48  Zerg Ground Armor Level 1  
  112  6:50  Roach  
  112  6:51  Roach  
  116  6:59  Extractor  
  116  7:01  Extractor  
  114  7:03  Roach  
  114  7:04  Roach x5  
  126  7:12  Roach  
  126  7:13  Roach x6  
  140  7:23  Overlord  
  140  7:24  Overlord x2  
  140  7:28  Spire  
  139  7:30  Overlord  
  139  7:31  Overlord x2  
  139  7:43  Zerg Missile Weapons Level 2  
  139  7:46  Drone  
  139  7:47  Drone x7  
  146  8:02  Hatchery, Overlord x3  
  145  8:11  Roach x2  
  145  8:12  Roach x7  
  157  8:16  Ravager x5  
  157  8:17  Ravager  
  163  8:22  Roach  
  163  8:23  Roach x3  
  107  8:59  Mutalisk x7  
  107  9:02  Zergling x2  
  107  9:03  Zergling x12  
  102  9:19  Roach  
  102  9:20  Roach x4  
  102  9:21  Roach  
  102  9:22  Extractor, Queen  
  102  9:23  Unknown  
  102  9:24  Unknown  
  113  9:25  Extractor  
  112  9:39  Roach  
  112  9:40  Roach x5  
  123  10:12  Roach x9  
  135  10:29  Roach x3  
Tags
 
Add a new tag
Caveats
  • Supply blocks, unpowered buildings, or Contaminate may cause inaccurate times.
  • Supply counts are checked every 10 seconds.